Map: Mécanisation EC

Players

BappeS - Winner!

  • Race: Zerg Zerg
  • League: Diamond
  • Spawn Location: 9:00

Sorandom

  • Race: Zerg Zerg
  • League: Diamond
  • Spawn Location: 3:00

VOD

Have the link to the VOD?

Description

Time

  • Played on: April 3, 2019, 7:32 p.m.
  • Length: 4:59
Show
View Real Time Build Order
Export as new Build Order

BappeS Zerg - Winner!

Build Orders: 1 Base Baneling Bust, Pool First 

Get SALT Encoding   

  12  0:18  Spawning Pool  
  11  0:23  Drone  
  11  0:28  Drone  
  13  0:32  Drone  
  14  0:39  Extractor  
  13  0:44  Overlord  
  13  1:07  Zergling x6  
  13  1:09  Queen  
  18  1:18  Zergling x2  
  19  1:34  Zergling x2  
  20  1:40  Overlord  
  20  1:50  Metabolic Boost  
  20  1:54  Zergling x2  
  21  2:06  Zergling x2  
  22  2:14  Zergling x2  
  23  2:19  Zergling x6  
  24  2:37  Zergling x4  
  24  2:44  Baneling Nest  
  24  2:51  Zergling x8  
  25  3:02  Zergling x2  
  26  3:18  Drone  
  27  3:24  Drone  
  28  3:31  Baneling  
  28  3:32  Baneling x2  
  27  3:37  Zergling x2  
  19  3:51  Drone x4  
  21  4:05  Zergling x2  
  22  4:15  Hatchery  
  21  4:21  Baneling x2  
  21  4:27  Baneling x2  
  21  4:28  Zergling x2  
  21  4:29  Zergling x2  
  23  4:37  Zergling x4  
  23  4:38  Zergling x2  
Show
View Real Time Build Order
Export as new Build Order

Sorandom Zerg 

Build Orders: Pool First 

Get SALT Encoding   

  12  0:01  Drone  
  13  0:12  Overlord  
  13  0:18  Drone  
  14  0:31  Drone x2  
  16  0:44  Spawning Pool  
  16  0:48  Drone  
  16  0:54  Extractor, Drone  
  16  0:57  Drone  
  17  1:26  Hatchery  
  17  1:31  Queen  
  18  1:36  Zergling x2  
  19  1:40  Zergling x2  
  20  1:52  Baneling Nest  
  20  1:53  Drone  
  21  2:01  Zergling x2  
  21  2:02  Zergling x2  
  22  2:33  Zergling x2  
  22  2:34  Zergling x2  
  22  2:35  Queen  
  22  2:41  Baneling x3  
  22  2:42  Metabolic Boost  
  22  2:47  Overlord  
  22  2:48  Overlord  
  20  3:00  Zergling x2  
  21  3:08  Spine Crawler, Zergling x2  
  21  3:09  Zergling x2  
  21  3:16  Zergling x2  
  21  3:19  Baneling x2  
  21  3:22  Zergling x2  
  20  3:37  Zergling x2  
  17  3:44  Zergling x2  
  18  3:49  Zergling x6  
  17  4:00  Zergling x2  
  17  4:01  Queen  
  20  4:04  Baneling x2  
  20  4:10  Zergling x2  
  21  4:20  Zergling x2  
  22  4:32  Zergling x2  
  23  4:41  Zergling x2  
Tags
 
Add a new tag
Caveats
  • Supply blocks, unpowered buildings, or Contaminate may cause inaccurate times.
  • Supply counts are checked every 10 seconds.